[Event "1st Chessable Sunway Formentera 2022"]
[Site "Formentera Punta Prima"]
[Date "2022.05.08"]
[Round "10.9"]
[White "Bergez, Luc"]
[Black "Papadiamandis, Elliot"]
[Result "1/2-1/2"]
[ECO "B20"]
[WhiteElo "2331"]
[BlackElo "2373"]
[Annotator "TA"]
[PlyCount "132"]
[EventDate "2022.05.05"]
[EventType "swiss"]
[EventCountry "ESP"]
[SourceTitle "playchess.com"]
[Source "ChessBase"]
[SourceQuality "1"]
[TimeControl "40/5400+30:1800+30"]

1. e4 c5 2. d3 Nc6 3. g3 Nf6 4. f4 d5 5. e5 Ng4 6. Bg2 {[%emt 0:00:30] [#] B20: Sicilian: Unusual White 2nd moves.} h5 $146 ({Predecessor:} 6... Nh6 7. Nf3 Nf5 8. g4 Nfd4 9. c3 Nxf3+ 10. Qxf3 e6 11. O-O h5 12. Qh3 g6 {0-1 (34) Muhren,W (2263)-Chuchelov,V (2571) Enschede 2005}) 7. h3 Nh6 (7... Qa5+ 8. c3 $16) 8. Qxh5 e6 9. Ne2 b6 (9... Bd7 $11) 10. O-O (10. f5 $14 {deserves consideration.}) 10... g6 11. Qf3 Nf5 12. c3 Bb7 13. Qf2 Qd7 14. g4 Nh4 15. d4 Ba6 16. Rd1 cxd4 17. Nxd4 Be7 18. Nxc6 Qxc6 19. Bh1 g5 20. fxg5 Ng6 21. Qg3 (21. Bg2 $15) 21... Bc5+ (21... O-O-O $1 $17 {[%cal Oh8h3] Hoping for ...Rxh3!} 22. Re1 Qc5+ 23. Be3 Qc7) 22. Be3 $11 Qa4 23. Re1 Nf4 24. Bg2 Ne2+ {[%emt 0:00:30] [#]} 25. Rxe2 $1 Bxe2 26. b3 Qa6 (26... Qb5 $11 27. c4 Bxc4 $1) 27. c4 (27. Bxc5 $16 bxc5 28. c4 Bxc4 29. bxc4 Qxc4 30. Nc3) 27... Rd8 (27... Qa5 $14) 28. Bxc5 $18 bxc5 29. Qe3 Bd1 (29... Bxg4 $142 30. hxg4 dxc4) 30. Nd2 Bc2 31. cxd5 (31. Qxc5 Rc8 32. Qf2 Qb6 $16) 31... exd5 32. Rc1 (32. Qxc5 Rc8 33. Qf2 (33. Qxd5 Rd8 $14) 33... Qb6 $14) 32... Bg6 33. Qxc5 (33. Rxc5 $6 Qd3 34. Qf4 d4 $18) 33... Qb6 34. Kf2 Qxc5+ 35. Rxc5 Ke7 {[%emt 0:00:30] [#]} 36. Kg3 $1 (36. Rxd5 $2 Rxd5 37. Bxd5 Rd8 38. Bxf7 Kxf7 $19) (36. Bxd5 Rxh3 37. Nf1 Rd3 $14) 36... d4 (36... Rc8 $142 37. Rxd5 Rc3+ 38. Bf3 Rd8 39. Rxd8 Kxd8) 37. h4 Rc8 38. Bc6 Rc7 39. b4 a6 40. Nc4 ({Better is} 40. h5 $18) 40... Rb8 (40... d3 $16 {is a better defense.}) 41. a3 Bd3 (41... d3 $142 42. Ba4 Rbc8) 42. Na5 $2 (42. Nd6 $18 {is the precise move to win.}) 42... Bb5 $2 (42... Rbc8 $16) 43. a4 Be2 44. b5 (44. Bf3 $18 Rxc5 45. bxc5 Bxf3 46. Kxf3) 44... axb5 $11 {[%emt 0:00:30] The position is equal.} 45. axb5 {[%emt 0:00:30] aiming for Kf4.} Ra7 46. Nc4 Bxc4 47. Rxc4 {[%emt 0:00:30][%mdl 4096] Endgame KRR-KRB} Rd8 48. Rc2 {[%emt 0:00:30] With the idea Bf3.} d3 49. Rd2 {[%emt 0:00:30] Threatens to win with Bf3.} Ke6 50. Kf3 {[%emt 0:00:30] Be4 is the strong threat.} Kxe5 51. Be4 Rd4 52. Bf5 {[%emt 0:00:30] Strongly threatening h5.} (52. Bxd3 Ra3 53. Ke2 (53. Re2+ $2 Kd6 $19) 53... Rxg4 $15) 52... Ra5 53. h5 ({Much weaker is} 53. Bxd3 Ra3 54. Ke2 (54. Re2+ $2 Kd5 $19) 54... Rxg4 $15) 53... Rxb5 54. h6 ({Much worse is} 54. Bxd3 Rb3 55. Ke2 Rxg4 $17) 54... Rf4+ $1 55. Ke3 {[%emt 0:00:30] Black must now prevent h7.} Rxf5 56. h7 Rb8 57. Rb2 Re8 {[%emt 0:00:30] ( -> ...Kd5+)} 58. h8=Q+ Rxh8 59. Rb5+ Kd6 60. gxf5 {[%emt 0:00:30] KR-KR} d2 61. Kxd2 Rh5 62. f6 Rh3 63. Ke2 Ke6 64. Kf2 Ra3 65. Kg2 Rc3 66. Ra5 Rb3 {[%emt 0:00:30] White really could win this.  Weighted Error Value: White=0.20 (precise) /Black=0.32} 1/2-1/2

[Event "1st Chessable Sunway Formentera 2022"]
[Site "Formentera Punta Prima"]
[Date "2022.05.08"]
[Round "10.10"]
[White "Chiku-Ratte, Olivier-Kenta"]
[Black "Alinasab, Mobina"]
[Result "1-0"]
[ECO "D33"]
[WhiteElo "2358"]
[BlackElo "2373"]
[Annotator "TA"]
[PlyCount "75"]
[EventDate "2022.05.05"]
[EventType "swiss"]
[EventCountry "ESP"]
[SourceTitle "playchess.com"]
[Source "ChessBase"]
[SourceQuality "1"]
[TimeControl "40/5400+30:1800+30"]

1. d4 d5 2. c4 e6 3. Nc3 c5 4. cxd5 exd5 5. Nf3 Nf6 6. g3 Nc6 7. Bg2 cxd4 {[%emt 0:00:05] now supersedes 7...Be7.} 8. Nxd4 Bc5 9. Nb3 (9. Be3 {with more complications.} Qb6 10. Na4 Qa5+ 11. Bd2) 9... Bb6 {[%emt 0:00:06] D33: Tarrasch Defence: 6 g3 sidelines.} 10. O-O (10. Bxd5 Nb4 11. Bf3 Qxd1+ 12. Kxd1 O-O $11) 10... d4 11. Na4 O-O {[%emt 0:00:08] White has an edge.} 12. Nxb6 axb6 13. Bxc6 bxc6 {[%emt 0:00:07] [#]} 14. Nxd4 $146 ({Predecessor:} 14. Qxd4 Qc7 15. Bf4 Qb7 16. f3 c5 17. Qf2 Be6 18. Nc1 Nd5 19. Bd2 c4 20. e4 {1-0 (50) Holt,C (2549)-Abdusattorov,N (2627) Chess.com INT 2020}) 14... c5 15. Nb5 Qe7 16. Bg5 Bh3 17. Re1 $1 ({Stronger than} 17. Bxf6 Qxf6 18. Nc3 Bxf1 19. Qxf1 b5 $17) 17... Qe5 18. Bxf6 Qe4 {[%emt 0:02:07][%csl Gh3][%cal Re4g2] [#]} 19. f3 $1 Qe3+ 20. Kh1 gxf6 21. Nc3 $1 ({Of course not} 21. Rg1 $6 Rfd8 22. Qe1 Rd2 $11) 21... Rad8 {[%emt 0:11:55] [#]} 22. Qc1 $1 Qf2 23. Rg1 $36 {[%emt 0:00:13][%mdl 2048] Prevents Qg2+. Threatens to win with g4. White is really pushing.} Rfe8 {[%emt 0:04:55] [#] ( -> ...Rxe2)} 24. Qe1 Qe3 {[%emt 0:02:06] This costs Black the game.} (24... Qxe1 $16 {was necessary.} 25. Rgxe1 Kg7) 25. g4 $18 Qh6 26. Rd1 Rd4 27. Rxd4 cxd4 28. Ne4 Kh8 (28... Rxe4 $142 29. fxe4 Qf4) 29. Nd6 Rf8 30. Nf5 Qf4 31. Qh4 Qe5 32. Qxh3 Qxe2 33. Nxd4 {[%emt 0:00:41] White wants to mate with Qh6.} ({Not} 33. Qh6 Qxf3+ 34. Rg2 Qf1+ 35. Rg1 Qf3+ 36. Rg2 Qf1+ 37. Rg1 Qf3+ $11) 33... Qd3 {[%emt 0:01:05] [#]} 34. Qh6 $1 Kg8 (34... Re8 35. Qxf6+) 35. Qxf6 Re8 36. Qf4 {[%emt 0:00:37] Hoping for Nf5.} h6 37. g5 h5 38. Nf5 {[%emt 0:00:29] Weighted Error Value: White=0.04 (flawless) /Black=0.62} 1-0

[Event "1st Chessable Sunway Formentera 2022"]
[Site "Formentera Punta Prima"]
[Date "2022.05.08"]
[Round "10.11"]
[White "Vrolijk, Liam"]
[Black "Grutter, Tim"]
[Result "1/2-1/2"]
[ECO "E73"]
[WhiteElo "2467"]
[BlackElo "2241"]
[Annotator "TA"]
[PlyCount "29"]
[EventDate "2022.05.05"]
[EventType "swiss"]
[EventCountry "ESP"]
[SourceTitle "playchess.com"]
[Source "ChessBase"]
[SourceQuality "1"]
[TimeControl "40/5400+30:1800+30"]

1. d4 Nf6 2. c4 g6 3. Nc3 Bg7 4. e4 d6 5. Be2 O-O 6. h4 c5 {[%emt 0:00:30] The main line 6...c5 scores better than 6...h5.} 7. d5 e6 8. h5 exd5 {[%emt 0:00:08] E73: King's Indian: Averbakh Variation without 6...c5.} 9. exd5 Re8 10. Kf1 Ne4 11. Nxe4 Rxe4 12. Nf3 {[%emt 0:12:25] Against Rh4} Bg4 13. hxg6 hxg6 {[%emt 0:01:44] [#]} 14. Be3 $146 ({Predecessor:} 14. Qc2 Re8 15. Bg5 Qb6 16. Bd3 Qxb2 17. Qxb2 Bxb2 18. Rb1 Bg7 19. Rxb7 Na6 20. Rh4 {½-½ (42) Schulenberg,H (2151)-Rain,R (2255) ICCF email 2013}) 14... Nd7 15. Qd2 {[%emt 0:10:21] Weighted Error Value: White=0.06 (flawless) /Black=0.02 (flawless)} ({White should play} 15. Qc2 $11 Re8 16. Rc1) 1/2-1/2

[Event "1st Chessable Sunway Formentera 2022"]
[Site "Formentera Punta Prima"]
[Date "2022.05.08"]
[Round "10.12"]
[White "Lever, Erwan"]
[Black "Tsatsalashvili, Keti"]
[Result "1-0"]
[ECO "E07"]
[WhiteElo "2209"]
[BlackElo "2331"]
[Annotator "TA"]
[PlyCount "75"]
[EventDate "2022.05.05"]
[EventType "swiss"]
[EventCountry "ESP"]
[SourceTitle "playchess.com"]
[Source "ChessBase"]
[SourceQuality "1"]
[TimeControl "40/5400+30:1800+30"]

1. d4 d5 2. c4 e6 3. Nf3 Nf6 4. g3 Bb4+ 5. Bd2 Be7 6. Bg2 O-O 7. O-O c6 8. Bf4 Nbd7 9. Nc3 {[%emt 0:03:40] 9.Qc2 is not played anymore.} dxc4 {[%emt 0:06:52] 9...Nh5 is vanishing.} 10. e4 Nb6 {[%emt 0:09:17] E07: Closed Catalan: Main Line (5 Nf3 0-0 6 0-0 Nbd7).} (10... Re8 $11) 11. Qe2 $14 {[%emt 0:04:25][%mdl 1024] White has compensation.} Ne8 12. Rfd1 {[%emt 0:06:21] [#]} Nd6 $146 {[%emt 0:04:27] White is slightly better.} ({Predecessor:} 12... Nc7 13. Ne5 Bd6 14. Be3 Bxe5 15. dxe5 Qe7 16. a4 Nd7 17. Qxc4 b6 18. f4 Bb7 19. a5 Rfd8 {1-0 (29) Romanishin,O (2474)-Costa,J (2182) Figueira da Foz 2015}) 13. a4 a5 14. h4 Bd7 15. h5 f5 16. d5 (16. Ne5 $14) 16... exd5 $2 (16... fxe4 $15 {stays ahead.} 17. Nxe4 Rxf4 $1 18. Nxd6 cxd5 $1 19. Nxb7 Re4 20. Qxe4 dxe4 21. Nxd8 exf3 22. Rxd7 Nxd7) 17. exd5 $16 c5 18. h6 ({Better is} 18. Ne5 $1 ) 18... g6 (18... gxh6 $16 19. Ne5 (19. Bxh6 Re8 $14) 19... Bg5) 19. Qe5 $18 Rf7 {[%emt 0:00:29] Prevents Qg7+.} 20. Qe3 $1 {[%emt 0:00:14] White is more active.} Rc8 (20... Nbc8 $16 {was called for.} 21. Rd2 (21. Qxc5 g5 $16) 21... Ra6) 21. Re1 Ne4 22. Ne5 ({Don't take} 22. Nxe4 $6 Nxd5 23. Qe2 Nxf4 24. gxf4 fxe4 $16) 22... Rf8 23. Nxe4 fxe4 24. Nxg6 $2 hxg6 $11 25. Qxe4 $40 {[%emt 0:00:20][%mdl 128] Black needs to defend precisely.} Kf7 {[%emt 0:03:11][%mdl 8192] A mistake that costs the game.} (25... Bf6 $11 26. Qxg6+ Kh8) 26. d6 $18 {[%emt 0:01:44][%mdl 64] Discovered Attack} Bf6 {[%emt 0:05:27] [#]} 27. Qd5+ $1 Nxd5 28. Bxd5+ Be6 29. Bxe6+ Ke8 30. Bxc8+ {[%emt 0:00:23][%mdl 64] Discovered Attack} Kf7 31. Be6+ Ke8 32. d7+ Ke7 33. Rad1 (33. Bxc4+ $142 Kxd7 34. Rad1+ Bd4 {[#]} 35. Rxd4+ $1 cxd4 36. Bb5+ Kc8 37. Rc1+ Qc7 38. Bxc7) 33... Qb6 34. Bxc4+ {[%emt 0:00:52] This bishop pair is nice. White mates.} Kd8 35. Bb5 Be7 {[%emt 0:00:33] [#]} 36. Rxe7 $1 Kxe7 37. Bg5+ Kf7 38. Bc4+ {[%emt 0:00:07] Weighted Error Value: White=0.35/Black=0.88} 1-0

[Event "1st Chessable Sunway Formentera 2022"]
[Site "Formentera Punta Prima"]
[Date "2022.05.08"]
[Round "10.13"]
[White "Garcia Martin, Marta"]
[Black "Real, Thibault"]
[Result "0-1"]
[ECO "B23"]
[WhiteElo "2326"]
[BlackElo "2262"]
[Annotator "TA"]
[PlyCount "80"]
[EventDate "2022.05.05"]
[EventType "swiss"]
[EventCountry "ESP"]
[SourceTitle "playchess.com"]
[Source "ChessBase"]
[SourceQuality "1"]
[TimeControl "40/5400+30:1800+30"]

1. e4 c5 2. Nc3 g6 3. d4 cxd4 4. Qxd4 Nf6 5. Be3 Nc6 6. Qd2 {[%emt 0:00:30] B23: Closed Sicilian: Lines without g3.} d6 7. f3 h5 8. O-O-O {[%emt 0:00:30] [#] White is slightly better.} Qa5 $146 ({Predecessor:} 8... Bg7 9. Nh3 Bxh3 10. gxh3 Rc8 11. f4 Qa5 12. a3 a6 13. Bg2 O-O 14. Kb1 b5 {½-½ (40) Greet,A (2401)-Blomqvist,E (2536) Chess.com INT 2021}) 9. Kb1 Be6 10. Nge2 O-O-O ({Black should play} 10... Bg7 $14) 11. Nf4 Bd7 12. Qf2 Bg7 (12... Kb8 $16 {keeps fighting.}) 13. Nb5 $18 Nb4 (13... Bh6 {might work better.} 14. g3 Be6) 14. Nxa7+ (14. a3 Bxb5 15. axb4 Qxb4 $11) 14... Kb8 15. a3 Na6 16. Bb6 Qa4 17. Bxd8 $2 (17. Bxa6 $18 Qxa6 18. e5 (18. Bxd8 Rxd8 19. e5 Ng8 $11)) 17... Rxd8 $14 18. e5 (18. Qb6 Nc7 $11) 18... dxe5 (18... Ne8 $16) 19. Qb6 {[%emt 0:00:30] White threatens Bxa6 and mate.} Rf8 $2 {[%emt 0:00:30] [#]} (19... Nc7) 20. Nd5 $2 (20. Bb5 $1 Bxb5 21. Nxb5) 20... Nxd5 $18 21. Rxd5 {[%emt 0:00:00] Threatens to win with Bb5.} Nc7 22. Rd2 (22. Ra5 $18 Qd4 23. Qb3 (23. Rc5 $2 Na8 $19)) 22... e4 $2 {[%emt 0:00:30] [#]} (22... Bh6 $1 $11 {and Black stays safe.} 23. f4 (23. b3 Qxa3 24. Rxd7 Qc1+ 25. Ka2 Qxc2+ 26. Ka1 Qc1+ 27. Ka2 Qc2+ 28. Ka3 Bc1+ 29. Kb4 Bd2+ 30. Ka3 Bc1+ 31. Kb4 Bd2+ 32. Ka3 Bc1+ $11) 23... Bxf4) 23. fxe4 $1 Be5 (23... Be6 $2 24. Nb5 Rc8 25. Nxc7 Rxc7 26. Rd8+ Rc8 27. Rxc8+ Kxc8 28. Bb5 $18) 24. Be2 f6 {[%emt 0:00:31] [#]} (24... f5 $142) 25. Rhd1 $1 Bd6 (25... Qxa7 26. Qxa7+) 26. Rxd6 exd6 {[%emt 0:00:16] [#]} 27. Qxd6 Rf7 {[%emt 0:00:18][%cal Bf8f7,Bf7d7,Bd7d6][%mdl 32] [#]} 28. Rd3 $2 Qxa7 $17 29. Rc3 (29. Qg3 $15 Rg7 30. Bxh5) 29... Qg1+ ({Better is} 29... Bc8 $19 30. Bc4 Rd7 31. Qxf6 Qg1+ 32. Ka2 Qxg2) 30. Ka2 Bc6 31. Bc4 (31. Qb4 $17 Qf2 32. Rxc6 Qxe2 33. Rb6) 31... Rd7 $19 32. Qxf6 Bxe4 (32... Qxg2 33. Qf8+ Ka7 34. Qc5+ Kb8 35. Qf8+ Ka7 36. Qc5+ Kb8 37. Qf8+ $11) 33. Qf8+ Ka7 34. Qb4 {[%emt 0:00:30] aiming for Qa4+.} Qd4 ({Don't go for} 34... Kb8 $2 35. g3 $19) 35. Rb3 Rd6 ({Stronger than} 35... Bxg2 36. Rd3 Na6 37. Qb3 $19) 36. Qa5+ (36. g3 $142) 36... Na6 ({Not} 36... Kb8 $2 37. Qb4 $19) 37. Rc3 Bxg2 38. Bb3 Bd5 39. Qb5 Bxb3+ 40. cxb3 Qd5 {[%emt 0:00:00] Weighted Error Value: White=0.69/Black=0.44} 0-1

[Event "1st Chessable Sunway Formentera 2022"]
[Site "Formentera Punta Prima"]
[Date "2022.05.08"]
[Round "10.14"]
[White "Vanduyfhuys, Daria"]
[Black "Mouhamad, Joachim"]
[Result "1-0"]
[ECO "D85"]
[WhiteElo "2063"]
[BlackElo "2290"]
[Annotator "TA"]
[PlyCount "55"]
[EventDate "2022.05.05"]
[EventType "swiss"]
[EventCountry "ESP"]
[SourceTitle "playchess.com"]
[Source "ChessBase"]
[SourceQuality "1"]
[TimeControl "40/5400+30:1800+30"]

1. d4 Nf6 2. c4 g6 3. Nc3 d5 4. cxd5 Nxd5 5. Bd2 Bg7 6. e4 Nb6 7. Be3 O-O 8. h3 {[%emt 0:00:32] 8.Bb5 is the modern continuation.} Nc6 9. Nf3 e5 {[%emt 0:01:26] D85: Exchange Grünfeld: Unusual White 7th moves and lines with 7 Nf3.} (9... f5 $11 {remains equal.}) 10. d5 $16 Nb8 {[%emt 0:05:34] [#]} 11. Be2 $146 ({Predecessor:} 11. a4 c6 12. a5 N6d7 13. Bc4 b5 14. dxc6 bxc4 15. cxd7 Qxd7 16. O-O Nc6 17. Nd5 {½-½ (34) Chandra,A (2440)-Troff,K (2484) Saint Louis 2014}) 11... c6 {[%emt 0:00:39] White is better.} 12. O-O {[%emt 0:07:19] White is more active.} (12. a4 $16) 12... cxd5 $1 $14 13. Bxb6 ({White should try} 13. Nxd5 $16 Nxd5 14. exd5 (14. Qxd5 Qxd5 15. exd5 b6 $14)) 13... Qxb6 $11 14. Nxd5 Qd8 15. Qc2 {[%emt 0:02:24] [#] Nc7 is the strong threat.} Nc6 16. Rfd1 Be6 17. Bc4 Rc8 18. Nf4 Bd7 $1 $15 ({Don't play} 18... Nb4 19. Qa4 Qe8 20. Bb5 $14) 19. Ne6 fxe6 $19 20. Bxe6+ Kh8 $4 (20... Bxe6 $19 {and life is good for Black.} 21. Rxd8 Rcxd8) 21. Bxd7 $18 ({Don't take} 21. Rxd7 $6 Nd4 22. Qd2 (22. Rxd8 Rxc2 23. Nxd4 exd4 $11) 22... Nxf3+ 23. gxf3 Qe8 $16) 21... Rc7 {[%emt 0:07:41] And now ...Nd4 would win.} 22. Bxc6 Qe7 23. Qd3 Rxc6 24. Rac1 Rb6 (24... Rxc1 $142 25. Rxc1 h6) 25. b3 g5 (25... h6 {is a better defense.} 26. Qe3 Rd8 27. Rxd8+ Qxd8) 26. Qd7 Qb4 (26... Qf6 27. Rd5 h6 28. Rxe5 Rf7 29. Qc8+ Rf8) 27. Rc7 Rg6 {[%emt 0:06:38] [#]} 28. Nxe5 $1 {[%emt 0:01:59][%mdl 512] Weighted Error Value: White=0.30/Black=0.68} 1-0

[Event "1st Chessable Sunway Formentera 2022"]
[Site "Formentera Punta Prima"]
[Date "2022.05.08"]
[Round "10.15"]
[White "Prodhomme, Boris"]
[Black "Bernard, Jacques"]
[Result "1/2-1/2"]
[ECO "D36"]
[WhiteElo "2045"]
[BlackElo "2122"]
[Annotator "TA RC"]
[PlyCount "91"]
[EventDate "2022.05.05"]
[EventType "swiss"]
[EventCountry "ESP"]
[SourceTitle "playchess.com"]
[Source "ChessBase"]
[SourceQuality "1"]
[TimeControl "40/5400+30:1800+30"]

1. d4 Nf6 2. c4 e6 3. Nc3 d5 4. cxd5 exd5 5. Bg5 c6 6. Qc2 Be7 7. e3 O-O 8. Bd3 Nbd7 9. Nge2 Re8 10. O-O Nf8 11. f3 Nh5 12. Bxe7 Qxe7 13. e4 Be6 14. e5 g6 $1 {[%emt 0:07:11] D36: Queen's Gambit Declined: Exchange Variation: Main line (5 Bg5 c6 6 Qc2).} 15. g4 Ng7 16. Ng3 (16. Qd2 $11) 16... Rac8 {[%emt 0:06:24] [#]} (16... Bd7 $15) 17. Qf2 $146 ({Predecessor:} 17. Qe2 Qg5 18. h3 f5 19. exf6 Qxf6 20. Qf2 Rc7 21. f4 Rf7 22. Kh2 Bc8 23. Nce2 {1-0 (38) Colic,N-Stevanovic,D Serbia 2006}) 17... Nd7 18. h3 Rf8 19. f4 f5 (19... f6 $5 ) 20. g5 a6 21. Rad1 Rfd8 22. Be2 Qb4 23. Bf3 Nb6 24. a3 Qb3 25. Rb1 Nc4 26. Bd1 Qb6 27. Na4 Qc7 28. Ra1 a5 (28... b6 $11) 29. b3 $36 {[%emt 0:06:27][%mdl 2048] White has some pressure.} Nb6 30. Nc5 Nd7 31. Rc1 (31. Nd3 $11 {was preferrable.}) 31... b6 (31... Nxc5 $15 32. Rxc5 Bf7) 32. Na4 Qa7 33. Bf3 Rc7 34. Rc2 Rdc8 35. Rfc1 Bf7 36. Ne2 {[%emt 0:01:02] White is more active.} Ne6 37. Kh2 Qb7 38. Qg2 Qa7 39. Qf2 Qb7 $1 40. Qg2 Qa7 41. Qg1 Qa6 42. Qe3 Qa7 43. h4 Qb7 44. Nac3 Qa6 45. Nd1 (45. h5 $16) 45... c5 $14 46. Ndc3 {[%emt 0:00:30] Weighted Error Value: White=0.19 (very precise) /Black=0.18 (very precise)} ({Better is} 46. Bxd5 $16 cxd4 47. Nxd4 Rxc2+ 48. Nxc2 (48. Rxc2 Rxc2+ 49. Nxc2 Nxf4 $11)) 1/2-1/2

[Event "1st Chessable Sunway Formentera 2022"]
[Site "Formentera Punta Prima"]
[Date "2022.05.08"]
[Round "10.16"]
[White "Galvan Cipriani, Viviana"]
[Black "Chkhaidze, Nikoloz"]
[Result "1/2-1/2"]
[ECO "E19"]
[WhiteElo "2153"]
[BlackElo "2301"]
[Annotator "TA"]
[PlyCount "185"]
[EventDate "2022.05.05"]
[EventType "swiss"]
[EventCountry "ESP"]
[SourceTitle "playchess.com"]
[Source "ChessBase"]
[SourceQuality "1"]
[TimeControl "40/5400+30:1800+30"]

1. c4 b6 2. Nc3 Bb7 3. Nf3 Nf6 4. g3 e6 5. Bg2 Be7 6. O-O O-O 7. d4 Ne4 8. Qc2 Nxc3 9. Qxc3 d6 10. b3 Nd7 11. Bb2 Qe8 {[%emt 0:01:10] [#] E19: Queen's Indian: Old Main Line with 7...Ne4 8 Qc2 Nxc3 8 Qxc3.} 12. Qe3 $146 ({Predecessor:} 12. Rad1 f5 13. Ne1 Bxg2 14. Nxg2 Bg5 15. Qf3 Nf6 16. d5 Ne4 17. dxe6 Qxe6 18. Qd3 a5 19. e3 {1-0 (61) Rodgaard,J (2320)-Balint,V (2215) Budapest 2018}) 12... Bd8 13. Ng5 Bxg2 14. Kxg2 {[%emt 0:00:10][%cal Og5h7] Threatens to win with Nxh7!} Bxg5 15. Qxg5 $40 {[%emt 0:00:41][%mdl 128] White is up to no good.} f5 16. f3 Rf6 17. Qd2 Qh5 18. Rh1 g5 (18... Rff8 $11) 19. h4 $16 g4 20. Qg5+ $1 Qg6 21. fxg4 (21. c5 $16) 21... fxg4 $11 22. Qxg6+ Rxg6 {[%emt 0:01:36] [#]} (22... hxg6 $11 23. Rhf1 Raf8) 23. Raf1 ({Better is} 23. h5 $1 $16 Rg7 24. Bc1) 23... Rf8 24. Rxf8+ Kxf8 {[%emt 0:00:05][%mdl 4096] Endgame KRB-KRN} 25. h5 Rg5 26. Bc1 $1 Rf5 27. e4 Rf3 28. Rh4 Nf6 $2 (28... Rc3 $1 $14 29. Bh6+ Ke8) 29. e5 $18 dxe5 {[%emt 0:11:33] [#]} 30. dxe5 (30. Bh6+ $1 $18 Kf7 31. dxe5) 30... Nd7 $2 (30... Ng8 $16 {might work better.}) 31. Bf4 ({Not} 31. Rxg4 Rf7 32. Be3 Ke7 $16) 31... Rc3 (31... Rd3 $142 32. Rxg4 Kf7) 32. Rxg4 Rc2+ 33. Kh3 Rxa2 34. Bh6+ Ke8 35. Rg8+ Ke7 36. Rg7+ Ke8 37. Rxh7 Nxe5 38. Rxc7 Nf7 39. Bg7 e5 40. h6 {[%emt 0:00:00] And now g4 would win.} e4 41. Bf6 $2 (41. Rc6 $18 {has better winning chances.}) 41... Nxh6 $16 42. Re7+ Kf8 43. Rxe4 Kf7 44. Bg5 Nf5 (44... Kg6 $142) 45. Kg4 Ng7 46. Re7+ Kg6 47. Bf4 {[%emt 0:01:04] Black must now prevent Be5.} Kf6 48. Rb7 {[%emt 0:00:39] White is more active.} (48. Re3 $142) 48... Ne6 49. Bb8 Nc5 50. Rxa7 Rb2 51. Rc7 (51. Rh7 $16 {Hoping for Rh6+.} Rxb3 52. Rh6+ Kf7 53. Rh7+ Kf6 54. Rh5) 51... Rxb3 $11 52. Rc6+ Kf7 (52... Ne6 $14) 53. Bc7 Nd7 54. Kg5 b5 55. c5 Rc3 56. Bd6 b4 (56... Ke6 $11) 57. Rb6 b3 {[%emt 0:03:01][%mdl 1024] Black has compensation.} 58. Rb5 Ke6 59. g4 Kd5 60. Kg6 Kc6 61. Rb4 Rd3 62. g5 Nxc5 63. Be5 Kd5 64. Bh8 Ne4 65. Bf6 Nd6 66. Kh7 Rh3+ 67. Kg7 Rf3 68. Kg8 Kc5 69. Rg4 Nf5 70. Rg2 Kc4 71. Rd2 Ng3 72. Bb2 Nf1 73. Rd4+ Kc5 74. Rg4 Ne3 75. Bd4+ Kb5 76. Rg1 Nf5 77. Be5 Ne7+ 78. Kg7 Kc4 79. Rd1 Nf5+ 80. Kh7 Ne3 81. Rg1 Kd5 82. Bh8 Ke6 83. Rh1 Ng4 84. g6 Rd3 $2 (84... Nf6+ $2 85. Bxf6 Kxf6 86. g7 $18) (84... Rg3 $11) 85. Re1+ $2 ({White should play} 85. Ba1 $18) 85... Kf5 86. Rf1+ Kg5 (86... Ke6 $11 {remains equal.}) 87. Rf7 (87. Bb2 $16 Rh3+ 88. Kg7) 87... Rh3+ {[%emt 0:00:17] The position is equal.} 88. Kg7 Rh6 89. Rb7 Rxg6+ 90. Kf8 Rh6 91. Bc3 Kf5 92. Rxb3 Rh7 93. Bg7 {[%emt 0:00:00] Weighted Error Value: White=0.27 (precise) /Black=0.30} 1/2-1/2

[Event "1st Chessable Sunway Formentera 2022"]
[Site "Formentera Punta Prima"]
[Date "2022.05.08"]
[Round "10.17"]
[White "Moreno Cervera, Jose Luis"]
[Black "Dadashpour, Mohammad Yaser"]
[Result "0-1"]
[ECO "A45"]
[WhiteElo "1802"]
[BlackElo "1604"]
[Annotator "NA RC COMBH"]
[PlyCount "92"]
[EventDate "2022.05.05"]
[EventType "swiss"]
[EventCountry "ESP"]
[SourceTitle "playchess.com"]
[Source "ChessBase"]
[SourceQuality "1"]
[TimeControl "40/5400+30:1800+30"]

1. d4 Nf6 2. Bf4 c5 3. e3 Qb6 4. Nc3 d6 5. a3 g6 6. Nf3 Bg7 7. Be2 O-O 8. O-O Nbd7 9. Na4 Qa5 10. c3 b5 11. dxc5 bxa4 12. cxd6 exd6 13. Qxd6 Qb6 14. Nd4 Bb7 15. Qb4 Nd5 16. Qxa4 Nc5 17. Qb5 Nxf4 18. exf4 Bxd4 19. cxd4 Qxb5 20. Bxb5 Ne6 21. Rfc1 Nxd4 22. Bc4 a5 23. Rd1 Rfd8 24. Rac1 Rac8 25. Kf1 Nf5 26. b3 a4 27. g4 Nd6 28. Ke2 Re8+ 29. Kf1 Nxc4 30. bxc4 Ba6 31. Rd4 Rxc4 32. Rcxc4 Rc8 33. Kg2 Rxc4 34. Rxc4 Bxc4 35. Kg3 f6 36. h4 Kf7 37. Kf3 Ke6 38. Ke3 f5 39. f3 Kd5 40. h5 gxh5 41. gxf5 h4 42. Kf2 h3 43. Kg3 Bf1 44. Kh2 Kd6 45. Kg1 Bg2 46. Kf2 Kd5 0-1